[Event "2023 IBCA European Team Championship for the Blind and Visually Impaired"]
[Site "Genoa, Italy"]
[Date "2023.04.20"]
[Round "1"]
[White "Saez Gabikagogeaskoa, Oscar"]
[Black "Meyer, Eric"]
[Result "1-0"]
[Time "15:00:00"]
[UTCTime "13:00:00"]
[UTCDate "2023.04.20"]
[Board "5.3"]
[WhiteTeam "Spain"]
[BlackTeam "France"]
[WhiteCountry "ESP"]
[BlackCountry "FRA"]
[WhiteTitle "-"]
[BlackTitle "-"]
[WhiteElo "1979"]
[BlackElo "1677"]
[TimeControl "5400+30"]
[Opening "Sicilian"]
[Variation "Najdorf, Byrne (English) attack"]
[ECO "B90"]
[PlyCount "71"]
[EventDate "2023.04.20"]
[EventType "team"]
[EventRounds "9"]
[EventCountry "ITA"]
[Annotator "Vrioni, Bersan"]

1. e4 c5 2. Nf3 d6 3. d4 cxd4 4. Nxd4 Nf6 5. Nc3 a6 6. Be3 e5 7. Nf3 Be7 8. Bc4
Be6 9. Bxe6 fxe6 10. Ng5 Qd7 11. Qf3 h6 12. Qh3 Nc6 13. O-O-O Nd4 14. Bxd4 exd4
15. Rxd4 e5 16. Rd3 Qxh3 17. Nxh3 Rc8 18. f3 Rc6 19. g4 Nd7 20. Nd5 Bd8 21. Rhd1
Rf8 22. Nb4 Rb6 23. c3 a5 24. Nd5 Rc6 25. Kd2 Nb6 26. Nxb6 Rxb6 27. b3 Kd7 28.
Ke2 Rc6 29. c4 Be7 30. Rd5 Kc7 31. Rxa5 Kb6 32. Rb5+ Kc7 33. Nf2 Bg5 34. Nd3 Re8
35. Nb4 Rb6 36. Nd5+ 1-0

[Event "2023 IBCA European Team Championship for the Blind and Visually Impaired"]
[Site "Genoa, Italy"]
[Date "2023.04.20"]
[Round "1"]
[White "Ambrosino, Theo"]
[Black "Olivera Gutierrez, Albert"]
[Result "1-0"]
[Time "15:00:00"]
[UTCTime "13:00:00"]
[UTCDate "2023.04.20"]
[Board "5.4"]
[WhiteTeam "France"]
[BlackTeam "Spain"]
[WhiteCountry "FRA"]
[BlackCountry "ESP"]
[WhiteTitle "-"]
[BlackTitle "-"]
[WhiteElo "1672"]
[BlackElo "1965"]
[TimeControl "5400+30"]
[Opening "English"]
[Variation "symmetrical variation"]
[ECO "A30"]
[PlyCount "73"]
[EventDate "2023.04.20"]
[EventType "team"]
[EventRounds "9"]
[EventCountry "ITA"]
[Annotator "Vrioni, Bersan"]

1. c4 c5 2. g3 g6 3. Bg2 Bg7 4. e3 e5 5. Ne2 Nc6 6. O-O d6 7. Nbc3 Nge7 8. d3
O-O 9. a3 a5 10. b3 Be6 11. Bb2 d5 12. cxd5 Nxd5 13. Na4 b6 14. d4 exd4 15. exd4
Nde7 16. Rc1 Rc8 17. Nf4 Nxd4 18. Nxe6 fxe6 19. Qg4 Nef5 20. Rfd1 Qd6 21. Nc3
Qe7 22. Re1 Qf7 23. Ne4 h5 24. Qd1 Rcd8 25. Bxd4 Nxd4 26. f4 Nf5 27. Qe2 Bd4+
28. Kh1 e5 29. Ng5 Qxb3 30. Rb1 Nxg3+ 31. hxg3 Qxg3 32. Rxb6 Qh4+ 33. Bh3 Rxf4
34. Rxg6+ Kf8 35. Rf1 Rf2 36. Rxf2+ Bxf2 37. Qf3+ 1-0

[Event "2023 IBCA European Team Championship for the Blind and Visually Impaired"]
[Site "Genoa, Italy"]
[Date "2023.04.20"]
[Round "1"]
[White "Streltsov, Alexey"]
[Black "Pribeanu, Mihail-Dacian"]
[Result "1-0"]
[Time "15:00:00"]
[UTCTime "13:00:00"]
[UTCDate "2023.04.20"]
[Board "6.1"]
[WhiteTeam "Israel"]
[BlackTeam "Romania"]
[WhiteCountry "ISR"]
[BlackCountry "ROU"]
[WhiteTitle "FM"]
[BlackTitle "FM"]
[WhiteElo "2326"]
[BlackElo "2130"]
[TimeControl "5400+30"]
[Opening "King's pawn opening"]
[ECO "B00"]
[PlyCount "99"]
[EventDate "2023.04.20"]
[EventType "team"]
[EventRounds "9"]
[EventCountry "ITA"]
[Annotator "Vrioni, Bersan"]

1. e4 d6 2. d4 g6 3. Nc3 Bg7 4. Be3 a6 5. f4 b5 6. Bd3 Bb7 7. Nf3 Nd7 8. O-O b4
9. Ne2 Ngf6 10. e5 Nd5 11. Bd2 c5 12. c4 bxc3 13. bxc3 cxd4 14. cxd4 O-O 15. Rb1
Ra7 16. Qe1 e6 17. Ng5 dxe5 18. fxe5 Ne7 19. Ba5 Qa8 20. Qh4 h6 21. Nxe6 Bxg2
22. Rf2 fxe6 23. Rxg2 Nxe5 24. dxe5 Qd5 25. Qd4 Qxd4+ 26. Nxd4 Rd7 27. Nxe6 Rxd3
28. Nxf8 Kxf8 29. e6 Bd4+ 30. Kh1 Re3 31. Bb6 Bxb6 32. Rxb6 a5 33. Rf2+ Nf5 34.
Rd2 Kg7 35. Rd7+ Kf6 36. Rf7+ Kg5 37. Kg1 h5 38. Kf2 Re4 39. Ra6 Re5 40. a4 h4
41. h3 Nh6 42. Rb7 Nf5 43. Rb5 Re4 44. Rbxa5 Kf4 45. Rb5 Nd4 46. Rb4 g5 47. Rd6
Re2+ 48. Kf1 Kf3 49. Rdxd4 Rxe6 50. Rd3+ 1-0

[Event "2023 IBCA European Team Championship for the Blind and Visually Impaired"]
[Site "Genoa, Italy"]
[Date "2023.04.20"]
[Round "1"]
[White "Dima, Mihai"]
[Black "Radovilsky, Yan"]
[Result "1/2-1/2"]
[Time "15:00:00"]
[UTCTime "13:00:00"]
[UTCDate "2023.04.20"]
[Board "6.2"]
[WhiteTeam "Romania"]
[BlackTeam "Israel"]
[WhiteCountry "ROU"]
[BlackCountry "ISR"]
[WhiteTitle "-"]
[BlackTitle "-"]
[WhiteElo "1944"]
[BlackElo "2014"]
[TimeControl "5400+30"]
[Opening "Sicilian, Szen (`anti-Taimanov') variation"]
[ECO "B44"]
[PlyCount "29"]
[EventDate "2023.04.20"]
[EventType "team"]
[EventRounds "9"]
[EventCountry "ITA"]
[Annotator "Vrioni, Bersan"]

1. e4 c5 2. Nf3 e6 3. d4 cxd4 4. Nxd4 Nc6 5. Nb5 d6 6. c4 Nf6 7. N1c3 a6 8. Na3
Qa5 9. Bd2 Be7 10. Be2 Qe5 11. f4 Qc5 12. Nc2 Nd4 13. Nxd4 Qxd4 14. Qc2 Bd7 15.
Qd3 1/2-1/2

[Event "2023 IBCA European Team Championship for the Blind and Visually Impaired"]
[Site "Genoa, Italy"]
[Date "2023.04.20"]
[Round "1"]
[White "Alon, Levi"]
[Black "Morariu, Ionel"]
[Result "0-1"]
[Time "15:00:00"]
[UTCTime "13:00:00"]
[UTCDate "2023.04.20"]
[Board "6.3"]
[WhiteTeam "Israel"]
[BlackTeam "Romania"]
[WhiteCountry "ISR"]
[BlackCountry "ROU"]
[WhiteTitle "-"]
[BlackTitle "-"]
[WhiteElo "1668"]
[BlackElo "1914"]
[TimeControl "5400+30"]
[Opening "Reti opening"]
[ECO "A05"]
[PlyCount "80"]
[EventDate "2023.04.20"]
[EventType "team"]
[EventRounds "9"]
[EventCountry "ITA"]
[Annotator "Vrioni, Bersan"]

1. Nf3 Nf6 2. d4 d6 3. c4 Nbd7 4. Nc3 c6 5. e4 e5 6. Be2 Be7 7. O-O O-O 8. c5
Qc7 9. cxd6 Bxd6 10. h3 Rd8 11. Be3 a5 12. Rc1 Re8 13. d5 Bb4 14. a3 Bxc3 15.
Rxc3 Nxe4 16. Rc2 c5 17. Nd2 Nd6 18. b4 axb4 19. axb4 b6 20. Qc1 Nf5 21. bxc5
Nxe3 22. fxe3 bxc5 23. Bb5 Ba6 24. Bxd7 Qxd7 25. Nc4 Rab8 26. e4 Rb4 27. Rf5 f6
28. Rc3 Reb8 29. Nd2 Rxe4 30. Rxf6 gxf6 31. Nxe4 Qf5 32. Qe1 Rb4 33. Qg3+ Kf8
34. Nxc5 Rb1+ 35. Kh2 Qf1 36. Qe3 Qh1+ 37. Kg3 Bc8 38. Qh6+ Kg8 39. Kh4 Rb4+ 40.
g4 Rxg4+ 0-1

[Event "2023 IBCA European Team Championship for the Blind and Visually Impaired"]
[Site "Genoa, Italy"]
[Date "2023.04.20"]
[Round "1"]
[White "Nizam, Rasim"]
[Black "Cajzler, Hinko"]
[Result "1/2-1/2"]
[Time "15:00:00"]
[UTCTime "13:00:00"]
[UTCDate "2023.04.20"]
[Board "7.1"]
[WhiteTeam "Bulgaria"]
[BlackTeam "Croatia"]
[WhiteCountry "BUL"]
[BlackCountry "CRO"]
[WhiteTitle "IM"]
[BlackTitle "-"]
[WhiteElo "2176"]
[BlackElo "2030"]
[TimeControl "5400+30"]
[Opening "French"]
[Variation "Rubinstein variation"]
[ECO "C10"]
[PlyCount "79"]
[EventDate "2023.04.20"]
[EventType "team"]
[EventRounds "9"]
[EventCountry "ITA"]
[Annotator "Vrioni, Bersan"]

1. e4 e6 2. d4 d5 3. Nc3 dxe4 4. Nxe4 Nd7 5. Nf3 Ngf6 6. Nxf6+ Nxf6 7. Bg5 c5 8.
dxc5 Qa5+ 9. c3 Qxc5 10. Qd4 Qxd4 11. Nxd4 a6 12. Be2 e5 13. Bxf6 gxf6 14. Nb3
Bd6 15. Bf3 Ke7 16. O-O a5 17. Rfd1 a4 18. Nd2 Be6 19. Ne4 Rhd8 20. Nxd6 Rxd6
21. Rxd6 Kxd6 22. Rd1+ Kc7 23. a3 Ra6 24. Kf1 f5 25. Ke1 Rb6 26. Rd2 Bb3 27. g3
e4 28. Bg2 Be6 29. Ke2 Rd6 30. Rd4 Rb6 31. Rb4 Rxb4 32. axb4 Kd6 33. Ke3 Ke5 34.
Bf1 Bd7 35. Bc4 f6 36. b5 b6 37. Bg8 h6 38. c4 Be8 39. Bd5 Bxb5 40. Bf7 1/2-1/2

[Event "2023 IBCA European Team Championship for the Blind and Visually Impaired"]
[Site "Genoa, Italy"]
[Date "2023.04.20"]
[Round "1"]
[White "Culjak, Miso"]
[Black "Ivanov, Ljubomir"]
[Result "0-1"]
[Time "15:00:00"]
[UTCTime "13:00:00"]
[UTCDate "2023.04.20"]
[Board "7.2"]
[WhiteTeam "Croatia"]
[BlackTeam "Bulgaria"]
[WhiteCountry "CRO"]
[BlackCountry "BUL"]
[WhiteTitle "-"]
[BlackTitle "-"]
[WhiteElo "1705"]
[BlackElo "1768"]
[TimeControl "5400+30"]
[Opening "Caro-Kann"]
[Variation "classical, 6.h4"]
[ECO "B18"]
[PlyCount "54"]
[EventDate "2023.04.20"]
[EventType "team"]
[EventRounds "9"]
[EventCountry "ITA"]
[Annotator "Vrioni, Bersan"]

1. e4 c6 2. d4 d5 3. Nc3 dxe4 4. Nxe4 Bf5 5. Ng3 Bg6 6. h4 h6 7. h5 Bh7 8. Nf3
Nd7 9. Bd3 Bxd3 10. Qxd3 Ngf6 11. Ne4 e6 12. g3 Be7 13. Bf4 Qa5+ 14. Bd2 Qc7 15.
O-O-O Nxe4 16. Qxe4 Nf6 17. Qe2 b5 18. Kb1 a5 19. Bf4 Qb7 20. Ne5 a4 21. Nd3 b4
22. Nc5 Bxc5 23. dxc5 Nd5 24. Rxd5 cxd5 25. Bd6 O-O-O 26. Qg4 Rhg8 27. Qf4 Rd7
0-1

[Event "2023 IBCA European Team Championship for the Blind and Visually Impaired"]
[Site "Genoa, Italy"]
[Date "2023.04.20"]
[Round "1"]
[White "Patev, Petko"]
[Black "Kljaic, Kresimir"]
[Result "0-1"]
[Time "15:00:00"]
[UTCTime "13:00:00"]
[UTCDate "2023.04.20"]
[Board "7.3"]
[WhiteTeam "Bulgaria"]
[BlackTeam "Croatia"]
[WhiteCountry "BUL"]
[BlackCountry "CRO"]
[WhiteTitle "-"]
[BlackTitle "-"]
[WhiteElo "1796"]
[BlackElo "1520"]
[TimeControl "5400+30"]
[Opening "Sicilian"]
[Variation "Grand Prix attack"]
[ECO "B23"]
[PlyCount "58"]
[EventDate "2023.04.20"]
[EventType "team"]
[EventRounds "9"]
[EventCountry "ITA"]
[Annotator "Vrioni, Bersan"]

1. e4 c5 2. Nc3 Nc6 3. f4 g6 4. Nf3 Bg7 5. g3 e6 6. d3 d6 7. Bg2 Nge7 8. O-O O-O
9. g4 Qd7 10. Ne2 b6 11. c3 f5 12. exf5 exf5 13. g5 Bb7 14. h4 Rae8 15. Ng3 b5
16. Qb3+ Rf7 17. Qxb5 Nd5 18. Bd2 Ne3 19. Bxe3 Rxe3 20. Rae1 Rfe7 21. Rxe3 Rxe3
22. Re1 Qe7 23. Qb3+ Kf8 24. Rd1 Na5 25. Qb5 Bxf3 26. Bxf3 Rxf3 27. Kg2 Rxf4 28.
Qxa5 Rxh4 29. Qb5 Be5 0-1

[Event "2023 IBCA European Team Championship for the Blind and Visually Impaired"]
[Site "Genoa, Italy"]
[Date "2023.04.21"]
[Round "2"]
[White "Dimic, Pavle"]
[Black "Kolpakov, Vladyslav"]
[Result "1-0"]
[Time "15:00:00"]
[UTCTime "13:00:00"]
[UTCDate "2023.04.21"]
[Board "1.1"]
[WhiteTeam "Serbia"]
[BlackTeam "Ukraine"]
[WhiteCountry "SRB"]
[BlackCountry "UKR"]
[WhiteTitle "FM"]
[BlackTitle "-"]
[WhiteElo "2349"]
[BlackElo "2248"]
[TimeControl "5400+30"]
[Opening "King's Indian"]
[Variation "East Indian defence"]
[ECO "A48"]
[PlyCount "123"]
[EventDate "2023.04.20"]
[EventType "team"]
[EventRounds "9"]
[EventCountry "ITA"]
[Annotator "Vrioni, Bersan"]

1. d4 Nf6 2. Nf3 g6 3. c4 Bg7 4. g3 O-O 5. Bg2 c6 6. Nc3 d5 7. cxd5 cxd5 8. Ne5
e6 9. O-O Nfd7 10. f4 Qb6 11. Na4 Qa6 12. Be3 f6 13. Nd3 Nc6 14. Rc1 Ne7 15. g4
Nb6 16. Nac5 Qb5 17. a4 Qe8 18. b3 a5 19. h3 Kh8 20. Bf2 Nc6 21. e3 Nd7 22. Nxd7
Bxd7 23. Bg3 Qe7 24. Rf2 Rfc8 25. Rfc2 Bf8 26. Be1 Qe8 27. Nc5 b6 28. Nxd7 Qxd7
29. Bf1 Ba3 30. Bb5 Bxc1 31. Qxc1 Ra7 32. Bxc6 Qe7 33. Bb5 Rac7 34. Rxc7 Rxc7
35. Qb2 Qf8 36. Bd3 Kg7 37. b4 axb4 38. Qxb4 Qxb4 39. Bxb4 Ra7 40. Bb5 Rc7 41.
Kg2 Kf7 42. Kg3 Rc1 43. Bd6 Rc8 44. Kf3 h5 45. Bb4 Rc1 46. Bd6 Rc8 47. g5 f5 48.
h4 Kg7 49. Ke2 Kf7 50. Kd3 Kg7 51. Ba3 Kf7 52. Bb2 Ke7 53. Bc3 Kd8 54. Kc2 Rc7
55. Kb3 Rc8 56. Bd2 Ra8 57. Kb4 Rc8 58. Bd3 Kc7 59. Ba6 Rb8 60. Kb5 Kd7 61. Bb4
Kc7 62. Be7 1-0

[Event "2023 IBCA European Team Championship for the Blind and Visually Impaired"]
[Site "Genoa, Italy"]
[Date "2023.04.21"]
[Round "2"]
[White "Shepelev, Igor"]
[Black "Jandric, Damjan"]
[Result "0-1"]
[Time "15:00:00"]
[UTCTime "13:00:00"]
[UTCDate "2023.04.21"]
[Board "1.2"]
[WhiteTeam "Ukraine"]
[BlackTeam "Serbia"]
[WhiteCountry "UKR"]
[BlackCountry "SRB"]
[WhiteTitle "-"]
[BlackTitle "CM"]
[WhiteElo "2076"]
[BlackElo "2110"]
[TimeControl "5400+30"]
[Opening "King's Indian"]
[Variation "Petrosian system, Stein variation"]
[ECO "E92"]
[PlyCount "68"]
[EventDate "2023.04.20"]
[EventType "team"]
[EventRounds "9"]
[EventCountry "ITA"]
[Annotator "Vrioni, Bersan"]

1. d4 Nf6 2. c4 g6 3. Nc3 Bg7 4. e4 d6 5. Nf3 O-O 6. Be2 e5 7. d5 a5 8. Bg5 h6
9. Bh4 Qe8 10. Nd2 Na6 11. a3 Bd7 12. b3 Nc5 13. Bxf6 Bxf6 14. b4 Na4 15. Nxa4
Bxa4 16. Qb1 Bg5 17. Nf3 axb4 18. axb4 Bc2 19. Rxa8 Bxb1 20. Rxe8 Rxe8 21. h4
Be7 22. Nd2 Bc2 23. Bd1 Bxd1 24. Kxd1 Ra8 25. Kc2 Ra2+ 26. Kc3 Kg7 27. g3 g5 28.
hxg5 Bxg5 29. Rd1 Kg6 30. f3 Bxd2+ 31. Rxd2 Ra3+ 32. Kb2 Rxf3 33. c5 Re3 34.
cxd6 cxd6 0-1

[Event "2023 IBCA European Team Championship for the Blind and Visually Impaired"]
[Site "Genoa, Italy"]
[Date "2023.04.21"]
[Round "2"]
[White "Janjic, Stefan"]
[Black "Zsiltzova-Lisenko, Lubov"]
[Result "1/2-1/2"]
[Time "15:00:00"]
[UTCTime "13:00:00"]
[UTCDate "2023.04.21"]
[Board "1.3"]
[WhiteTeam "Serbia"]
[BlackTeam "Ukraine"]
[WhiteCountry "SRB"]
[BlackCountry "UKR"]
[WhiteTitle "-"]
[BlackTitle "WIM"]
[WhiteElo "2089"]
[BlackElo "2151"]
[TimeControl "5400+30"]
[Opening "QGD"]
[Variation "Tarrasch, Prague variation, 7...Be7"]
[ECO "D34"]
[PlyCount "94"]
[EventDate "2023.04.20"]
[EventType "team"]
[EventRounds "9"]
[EventCountry "ITA"]
[Annotator "Vrioni, Bersan"]

1. d4 d5 2. c4 e6 3. Nc3 c5 4. cxd5 exd5 5. Nf3 Nc6 6. g3 Nf6 7. Bg2 Be7 8. O-O
h6 9. dxc5 Bxc5 10. Na4 Be7 11. Nd4 O-O 12. Be3 Re8 13. Rc1 Bd7 14. Nc5 Bxc5 15.
Nxc6 bxc6 16. Bxc5 Ne4 17. e3 Nxc5 18. Rxc5 Rb8 19. Qd4 Qb6 20. b3 Qb4 21. Qxb4
Rxb4 22. Rd1 Re7 23. Ra5 Bg4 24. Rc1 Rb6 25. h3 Be6 26. Bf1 Kf8 27. Rd1 Rc7 28.
Rc1 Ke7 29. h4 Kd6 30. Rac5 Bf5 31. Be2 g6 32. Kf1 h5 33. Ke1 Rb4 34. Kd2 d4 35.
R5c4 dxe3+ 36. Kxe3 c5 37. Rxb4 Re7+ 38. Re4 Rxe4+ 39. Kd2 f6 40. Rc4 Re7 41.
Bd3 Bxd3 42. Kxd3 Kd5 43. Rf4 Re6 44. Ra4 Re7 45. Ra6 Rf7 46. Ra5 Rb7 47. Ra6
Rf7 1/2-1/2

[Event "2023 IBCA European Team Championship for the Blind and Visually Impaired"]
[Site "Genoa, Italy"]
[Date "2023.04.21"]
[Round "2"]
[White "Yatsishin, Ivan"]
[Black "Bjelanovic, Mile"]
[Result "0-1"]
[Time "15:00:00"]
[UTCTime "13:00:00"]
[UTCDate "2023.04.21"]
[Board "1.4"]
[WhiteTeam "Ukraine"]
[BlackTeam "Serbia"]
[WhiteCountry "UKR"]
[BlackCountry "SRB"]
[WhiteTitle "-"]
[BlackTitle "-"]
[WhiteElo "2049"]
[BlackElo "2059"]
[TimeControl "5400+30"]
[Opening "Sicilian"]
[Variation "Najdorf, Opovcensky variation"]
[ECO "B92"]
[PlyCount "84"]
[EventDate "2023.04.20"]
[EventType "team"]
[EventRounds "9"]
[EventCountry "ITA"]
[Annotator "Vrioni, Bersan"]

1. e4 c5 2. Nf3 d6 3. d4 cxd4 4. Nxd4 Nf6 5. Nc3 a6 6. Be2 e5 7. Nb3 Be7 8. O-O
O-O 9. a4 Be6 10. Be3 Nbd7 11. a5 Rc8 12. f3 Qc7 13. Nc1 Qc6 14. N1a2 d5 15.
exd5 Nxd5 16. Nxd5 Bxd5 17. c4 Be6 18. b4 Rfd8 19. Rc1 Nf6 20. Qb3 h6 21. Bb6
Rd2 22. Rfe1 Bd8 23. Be3 Rd7 24. Qb2 e4 25. b5 Qc7 26. b6 Qd6 27. Nb4 exf3 28.
c5 Qb8 29. Bxf3 Ng4 30. Bxg4 Bxg4 31. c6 bxc6 32. Nxc6 Qb7 33. Ne5 Bf6 34. Rxc8+
Qxc8 35. Bd4 Bxe5 36. Rxe5 Be6 37. Rc5 Qb7 38. Bxg7 Rd1+ 39. Kf2 Qe4 40. Be5
Qe1+ 41. Kf3 Rd3+ 42. Kf4 Qe3# 0-1

[Event "2023 IBCA European Team Championship for the Blind and Visually Impaired"]
[Site "Genoa, Italy"]
[Date "2023.04.21"]
[Round "2"]
[White "Vela Ignacio, Jose Manuel"]
[Black "Dima, Mihai"]
[Result "1/2-1/2"]
[Time "15:00:00"]
[UTCTime "13:00:00"]
[UTCDate "2023.04.21"]
[Board "2.2"]
[WhiteTeam "Spain"]
[BlackTeam "Romania"]
[WhiteCountry "ESP"]
[BlackCountry "ROU"]
[WhiteTitle "-"]
[BlackTitle "-"]
[WhiteElo "1974"]
[BlackElo "1944"]
[TimeControl "5400+30"]
[Opening "French"]
[Variation "King's Indian attack"]
[ECO "C00"]
[PlyCount "42"]
[EventDate "2023.04.20"]
[EventType "team"]
[EventRounds "9"]
[EventCountry "ITA"]
[Annotator "Vrioni, Bersan"]

1. e4 e6 2. d3 d5 3. Nd2 c5 4. Ngf3 Nc6 5. g3 Nf6 6. Bg2 Be7 7. O-O O-O 8. e5
Nd7 9. Re1 Qc7 10. Qe2 b5 11. Nf1 Re8 12. Bf4 Nf8 13. h4 Ng6 14. h5 Nxf4 15.
gxf4 h6 16. N1h2 Bd7 17. Kh1 f5 18. Rg1 a5 19. Bh3 Kh8 20. Rg3 Rg8 21. Rag1 Be8 1/2-1/2

[Event "2023 IBCA European Team Championship for the Blind and Visually Impaired"]
[Site "Genoa, Italy"]
[Date "2023.04.21"]
[Round "2"]
[White "Morariu, Ionel"]
[Black "Saez Gabikagogeaskoa, Oscar"]
[Result "1/2-1/2"]
[Time "15:00:00"]
[UTCTime "13:00:00"]
[UTCDate "2023.04.21"]
[Board "2.3"]
[WhiteTeam "Romania"]
[BlackTeam "Spain"]
[WhiteCountry "ROU"]
[BlackCountry "ESP"]
[WhiteTitle "-"]
[BlackTitle "-"]
[WhiteElo "1914"]
[BlackElo "1979"]
[TimeControl "5400+30"]
[Opening "Sicilian"]
[Variation "Pelikan, Chelyabinsk variation"]
[ECO "B33"]
[PlyCount "61"]
[EventDate "2023.04.20"]
[EventType "team"]
[EventRounds "9"]
[EventCountry "ITA"]
[Annotator "Vrioni, Bersan"]

1. e4 c5 2. Nf3 Nc6 3. d4 cxd4 4. Nxd4 Nf6 5. Nc3 e5 6. Ndb5 d6 7. Bg5 a6 8. Na3
b5 9. Nd5 Qa5+ 10. Bd2 Qd8 11. Bg5 Be7 12. Bxf6 Bxf6 13. c3 O-O 14. Bd3 Bg5 15.
h4 Bh6 16. g4 Bf4 17. Qf3 Be6 18. Nxf4 exf4 19. Qxf4 Ne5 20. Be2 Bxg4 21. Rg1
Bxe2 22. Kxe2 b4 23. cxb4 Qb6 24. Nc4 Qd4 25. Nxe5 Qxb2+ 26. Ke3 Qxe5 27. Qxe5
dxe5 28. Rac1 Rfc8 29. Rc5 Rxc5 30. bxc5 Rc8 31. Rd1 1/2-1/2

[Event "2023 IBCA European Team Championship for the Blind and Visually Impaired"]
[Site "Genoa, Italy"]
[Date "2023.04.21"]
[Round "2"]
[White "Clemente Llamero, Roberto"]
[Black "Bursuc, Mihai"]
[Result "1-0"]
[Time "15:00:00"]
[UTCTime "13:00:00"]
[UTCDate "2023.04.21"]
[Board "2.4"]
[WhiteTeam "Spain"]
[BlackTeam "Romania"]
[WhiteCountry "ESP"]
[BlackCountry "ROU"]
[WhiteTitle "-"]
[BlackTitle "-"]
[WhiteElo "1960"]
[BlackElo "1808"]
[TimeControl "5400+30"]
[Opening "Sicilian"]
[ECO "B50"]
[PlyCount "75"]
[EventDate "2023.04.20"]
[EventType "team"]
[EventRounds "9"]
[EventCountry "ITA"]
[Annotator "Vrioni, Bersan"]

1. e4 c5 2. Nf3 d6 3. Nc3 g6 4. d4 cxd4 5. Qxd4 Nf6 6. e5 Nh5 7. Bb5+ Nc6 8. Qa4
Bd7 9. Be3 a6 10. Bxc6 Bxc6 11. Qb3 Bg7 12. O-O-O Bxf3 13. gxf3 Bxe5 14. Nd5 O-O
15. f4 Bg7 16. f5 Kh8 17. fxg6 fxg6 18. Rhe1 Rf3 19. c3 e6 20. Nb6 Rb8 21. Qxe6
Rf6 22. Qb3 Nf4 23. Bd4 Rf5 24. a4 Bxd4 25. Rxd4 Qg5 26. Kb1 Rd8 27. Nc4 Ng2 28.
Rg1 Rxf2 29. Nxd6 Rdf8 30. Qxb7 Rf1+ 31. Rxf1 Rxf1+ 32. Ka2 Kg8 33. Re4 Rf8 34.
Re7 Qf6 35. Qd5+ Kh8 36. Rb7 Nf4 37. Nf7+ Kg7 38. Ng5+ 1-0

[Event "2023 IBCA European Team Championship for the Blind and Visually Impaired"]
[Site "Genoa, Italy"]
[Date "2023.04.21"]
[Round "2"]
[White "Ivanov, Ljubomir"]
[Black "Deville, Olivier"]
[Result "1/2-1/2"]
[Time "15:00:00"]
[UTCTime "13:00:00"]
[UTCDate "2023.04.21"]
[Board "3.2"]
[WhiteTeam "Bulgaria"]
[BlackTeam "France"]
[WhiteCountry "BUL"]
[BlackCountry "FRA"]
[WhiteTitle "-"]
[BlackTitle "-"]
[WhiteElo "1768"]
[BlackElo "1770"]
[TimeControl "5400+30"]
[Opening "Queen's pawn game"]
[ECO "A46"]
[PlyCount "94"]
[EventDate "2023.04.20"]
[EventType "team"]
[EventRounds "9"]
[EventCountry "ITA"]
[Annotator "Vrioni, Bersan"]

1. d4 Nf6 2. Nf3 e6 3. g3 b6 4. Bg2 Bb7 5. O-O c5 6. c4 cxd4 7. Nxd4 Bxg2 8.
Kxg2 Qc7 9. b3 Be7 10. Bb2 a6 11. f3 O-O 12. Nc3 d6 13. e4 Nbd7 14. Qe2 Rfe8 15.
Rfe1 Ne5 16. f4 Nc6 17. Nxc6 Qxc6 18. Qf3 Qb7 19. e5 Qxf3+ 20. Kxf3 dxe5 21.
fxe5 Nd7 22. Ne4 Rad8 23. Rad1 Nc5 24. Ba3 Kf8 25. Bxc5 Bxc5 26. Nxc5 bxc5 27.
g4 Ke7 28. g5 Rxd1 29. Rxd1 Rd8 30. Rxd8 Kxd8 31. Ke4 a5 32. a3 Ke7 33. Kd3 f6
34. gxf6+ gxf6 35. exf6+ Kxf6 36. Kc3 Ke5 37. b4 axb4+ 38. axb4 cxb4+ 39. Kxb4
Kd6 40. Kb5 e5 41. c5+ Ke7 42. c6 e4 43. Kb6 e3 44. c7 e2 45. c8=Q e1=Q 46. Qc7+
Ke6 47. Qxh7 Qb4+ 1/2-1/2

[Event "2023 IBCA European Team Championship for the Blind and Visually Impaired"]
[Site "Genoa, Italy"]
[Date "2023.04.21"]
[Round "2"]
[White "Stoykov, Stoyan"]
[Black "Ambrosino, Theo"]
[Result "0-1"]
[Time "15:00:00"]
[UTCTime "13:00:00"]
[UTCDate "2023.04.21"]
[Board "3.4"]
[WhiteTeam "Bulgaria"]
[BlackTeam "France"]
[WhiteCountry "BUL"]
[BlackCountry "FRA"]
[WhiteTitle "-"]
[BlackTitle "-"]
[WhiteElo "1716"]
[BlackElo "1672"]
[TimeControl "5400+30"]
[Opening "Scandinavian (centre counter) defence"]
[ECO "B01"]
[PlyCount "80"]
[EventDate "2023.04.20"]
[EventType "team"]
[EventRounds "9"]
[EventCountry "ITA"]
[Annotator "Vrioni, Bersan"]

1. e4 d5 2. e5 d4 3. Bc4 c5 4. e6 Bxe6 5. Bxe6 fxe6 6. Qh5+ g6 7. Qxc5 Bg7 8.
Qb5+ Qd7 9. Qxd7+ Kxd7 10. d3 Nc6 11. Na3 Nf6 12. Bd2 e5 13. f3 Nd5 14. Ne2 Rac8
15. c3 Rhf8 16. Rc1 Nf4 17. Nxf4 exf4 18. Ke2 Rf5 19. c4 a6 20. b4 Ne5 21. Nc2
Nc6 22. a4 e6 23. b5 Ne7 24. Rb1 a5 25. Ra1 b6 26. Rac1 g5 27. Na1 h5 28. h3
Re5+ 29. Kf2 Nf5 30. Nb3 Ng3 31. Rhe1 Rf5 32. Rc2 Bf8 33. Nc1 h4 34. Ne2 Nh5 35.
Ra1 Re5 36. Kf1 Bc5 37. Bc1 Rf8 38. Bb2 Re3 39. Rd1 Ng3+ 40. Nxg3 fxg3 0-1